 Dungeon Crawl Stone Soup version 0.26-a0-524-g073066f (webtiles) character file.

Game seed: 12295601455419749935

47 Bacontarian the Vandal (level 3, 6/25 HPs)
             Began as a Halfling Hunter on Aug 13, 2020.
             Quit the game on level 3 of the Dungeon.
             The game lasted 00:07:58 (1116 turns).

Bacontarian the Vandal (Halfling Hunter)            Turns: 1116, Time: 00:07:59

Health: 6/25       AC:  3    Str: 13    XL:     3   Next: 97%
Magic:  3/3        EV: 15    Int:  9    God:
Gold:   43         SH:  0    Dex: 15    Spells: 2/2 levels left

rFire    . . .     SeeInvis .   b - +0 short sword
rCold    . . .     Faith    .   (shield restricted)
rNeg     . . .     Spirit   .   c - +0 leather armour
rPois    .         Reflect  .   (no helmet)
rElec    .         Harm     .   (no cloak)
rCorr    .                      (no gloves)
MR       +....                  (no boots)
Stlth    ++........             (no amulet)
HPRegen  0.08/turn              f - ring of protection from magic
MPRegen  0.08/turn              (no ring)

@: seriously poisoned (6 -> 1)
A: small, mutation resistance 1
a: no special abilities


You were on level 3 of the Dungeon.
You visited 1 branch of the dungeon, and saw 3 of its levels.

You collected 43 gold pieces.

Inventory:

Hand Weapons
 a - a +1 hunting sling
 b - a +0 short sword (weapon)
Missiles
 h - 22 stones (quivered)
Armour
 c - a +0 leather armour (worn)
Jewellery
 f - a ring of protection from magic (left hand)
Scrolls
 i - 2 scrolls of identify
Potions
 e - a potion of brilliance
 g - a potion of heal wounds {unknown}
 j - 2 potions of invisibility {unknown}


   Skills:
 + Level 2.3 Fighting
 + Level 6.3 Slings
 + Level 2.8 Dodging
 + Level 2.2 Stealth


You had 2 spell levels left.
You didn't know any spells.
Your spell library contained the following spells:

 Spells                   Type           Power        Failure   Level
 Confusing Touch          Hex            #.......     83%         3
 Gell's Gravitas          Tloc           #.........   83%         3
 Petrify                  Tmut/Erth      #.......     99%         4
 Metabolic Englaciation   Hex/Ice        #.........   100%        5
 Yara's Violent Unravell  Hex/Tmut       #.........   100%        5


Dungeon Overview and Level Annotations

Branches:
Dungeon (3/15)

Altars:

Annotations:
D:2 Robin


Innate Abilities, Weirdness & Mutations

You are small and have problems with some larger weapons.
You are somewhat resistant to further mutation.


Message History

You hit the adder.
The adder is lightly wounded.
The adder closely misses you. x2
You closely miss the adder.
The adder is lightly wounded.
The adder bites you.
You are poisoned.
The adder poisons you!
You hit the adder.
The adder is heavily wounded.
* * * LOW HITPOINT WARNING * * *
You feel sick.
The adder bites you but does no damage. x2
You hit the adder.
The adder is heavily wounded.
* * * LOW HITPOINT WARNING * * *
You feel sick. The adder completely misses you.
You closely miss the adder.
The adder is heavily wounded.
The adder closely misses you. The adder barely misses you.
Are you sure you want to abandon this character and quit the game? (Confirm with "yes".)

#.....# ...(.....
#....(# #........
.s...# #........
...# .........
#.####.......
#........# ###
#......#.#
##...##S#####<#
#.....@............#
#....#.######.#.####
#... #.# !.#.# #..
#.# ... # #. #.#
#.## # ... #. #.# #.
#.#


You could see an adder.

Vanquished Creatures
  An adder (D:2)
  A worm (D:2)
  A leopard gecko (D:1)
  A ball python (D:1)
  A giant cockroach (D:1)
  8 goblins
  6 hobgoblins
  6 bats
  A frilled lizard (D:1)
  3 kobolds (D:1)
  4 rats
33 creatures vanquished.

Notes
Turn   | Place    | Note
-------+----------+-------------------------------------------
     0 | D:1      | Bacontarian the Halfling Hunter began the quest for the
                  | Orb.
     0 | D:1      | Reached XP level 1. HP: 14/14 MP: 1/1
   102 | D:1      | Reached XP level 2. HP: 19/19 MP: 2/2
   107 | D:1      | Reached skill level 6 in Slings
   615 | D:2      | Reached XP level 3. HP: 24/24 MP: 3/3
  1087 | D:2      | Noticed Robin
  1116 | D:3      | Quit the game

Illustrated notes

Levels and vault maps discovered:
D:1:      nagdon_arrival_zigzag_paths, layout_rooms,
          wander_ebering_terrifying_dragon_lair
D:2:      layout_basic, amethyst_overflow_temple_binary, uniq_sigmund,
          uniq_jessica, uniq_robin
D:3:      layout_basic

Skill      XL: |  1  2  3 |
---------------+----------+-----
Fighting       | 2 |  2.3
Slings         | 6 |  6.3
Stealth        | 2 |  2.2
Dodging        | |  2.8

Action                   || total
-------------------------++-------
Melee: Short sword       ||    59
 Fire: Hunting sling     ||    59
Throw: Stone             ||     2
  Use: Scroll            ||     4
 Stab: Sleeping          ||     1
Armor: Leather armour    ||    25
Dodge: Dodged            ||    92

Table legend: (Time is in decaauts)
 A = Elapsed time spent in this place.
 B = Non-inter-level travel time spent in this place.
 C = Inter-level travel time spent in this place.
 D = Time resting spent in this place.
 E = Time spent auto-exploring this place.
 F = Levels seen in this place.
 G = Mean time per level.
                   A        B        C        D        E       F      G
               +--------+--------+--------+--------+--------+-----+--------+
         Total |   1101 |   1077 |     24 |    282 |    463 |   3 |  367.0 |
       Dungeon |   1101 |   1077 |     24 |    282 |    463 |   3 |  367.0 |
               +--------+--------+--------+--------+--------+-----+--------+

Top non-repeatable levels by time:
     D:1: 586 daAuts
     D:2: 495 daAuts
     D:3: 19 daAuts
